 Dungeon Crawl Stone Soup version 0.27-a0-1188-g73eefd5def (webtiles) character file.

Game seed: 12766999159197543065

4 Glokmah the Charlatan (level 1, 0/15 HPs)
             Began as a Demonspawn Artificer on May 22, 2021.
             Slain by a quokka (2 damage)
             ... on level 1 of the Dungeon.
             The game lasted 00:00:54 (278 turns).

Glokmah the Charlatan (Demonspawn Artificer)         Turns: 278, Time: 00:00:54

Health: 0/15       AC:  3    Str: 12    XL:     1   Next: 50%
Magic:  1/1        EV: 11    Int: 12    God:
Gold:   18         SH:  0    Dex: 13    Spells: 0/0 levels left

rFire    . . .     SeeInvis .   a - +0 flail
rCold    . . .     Faith    .   (no shield)
rNeg     . . .     Spirit   .   b - +0 leather armour
rPois    .         Reflect  .   (no helmet)
rElec    .         Harm     .   (no cloak)
rCorr    .         Rampage  .   (no gloves)
Will     .....                  (no boots)
Stlth    +.........             (no amulet)
HPRegen  0.05/turn              (no ring)
MPRegen  0.07/turn              (no ring)

@: no status effects
A: no striking features
a: no special abilities


You were on level 1 of the Dungeon.
You visited 1 branch of the dungeon, and saw 1 of its levels.

You collected 18 gold pieces.

Inventory:

Hand Weapons
 a - a +0 flail (weapon)
Armour
 b - a +0 leather armour (worn)
Wands
 c - a wand of flame (14) (quivered)
 d - a wand of charming (14)
Scrolls
 f - a scroll of amnesia {unknown}
 g - a scroll of teleportation {unknown}
Potions
 h - a potion of curing {unknown}
Miscellaneous
 e - a piece from Xom's chessboard (12/15)


   Skills:
 + Level 1.2 Fighting
 - Level 1.7 Armour
 - Level 0.8 Dodging
 - Level 0.8 Stealth
 * Level 3.2 Evocations


You couldn't memorise any spells.
You didn't know any spells.
Your spell library was empty.

Dungeon Overview and Level Annotations

Branches:
Dungeon (1/15)

Altars:


Message History

Found an escape hatch in the floor.
Found a flail.
h - a blue potion You see here a +0 flail.
i - a +0 flail Adjust to which letter? (? for menu, Esc to quit)
a - a +0 flail;
i - a +0 club (weapon)
a - a +0 flail (weapon)
You drop a +0 club.
A quokka and a kobold come into view.
The kobold shouts!
You hear a shout!
The kobold moves out of view.
A kobold comes into view. It is wielding a +0 dagger.
Found 7 gold pieces.
You closely miss the quokka. The quokka misses you.
The quokka bites you but does no damage.
The quokka twitches its whiskers.
The kobold hits you but does no damage. The quokka bites you.
You barely miss the quokka.
The quokka bites you but does no damage.
You closely miss the quokka. The quokka bites you.
The quokka barely misses you.
You miss the quokka.
The kobold throws a stone.
The stone barely misses you. The quokka misses you. The quokka bites you.
Aiming: Charm
Press: ? - help, Shift-Dir - straight line, f - kobold
Aim: a kobold, wielding a +0 dagger and quivering stones (chance to affect: 72%)
The kobold is charmed.
The quokka bites you.
* * * LOW HITPOINT WARNING * * *
Your kobold hits the quokka with a +0 dagger.
Your kobold misses the quokka.
Aiming: Throw Flame
Press: ? - help, Shift-Dir - straight line, f - quokka, p - kobold
Aim: a quokka (heavily wounded, ally target, 60% to hit)
Really fire in your kobold's direction?
The puff of flame misses the quokka.
The puff of flame hits your kobold!
You kill your kobold!
The quokka bites you.
You die...

#. .. ..# #.###.#
#..$ ##.....# #....
#......#
#....##......#
#...#..#....####
#..#.K..#.)....#
#.#......#.r.#.#
######......K.##@#.#
....############...#
.....+ #..######.###
.....###..#........#
.......#.....##.##.#
........).......>.)#
.......##...###....#
.....####.........##
.†..........#######


You could see a quokka.

Vanquished Creatures
  2 jackals (D:1)
  A bat (D:1)
  A kobold (D:1)
  A rat (D:1)
5 creatures vanquished.

Notes
Turn   | Place    | Note
-------+----------+-------------------------------------------
     0 | D:1      | Glokmah the Demonspawn Artificer began the quest for the
                  | Orb.
     0 | D:1      | Reached XP level 1. HP: 15/15 MP: 1/1
   278 | D:1      | Slain by a quokka

Illustrated notes

Levels and vault maps discovered:
D:1:      wander_arrival_lonely_grave, layout_basic, hangedman_decor_slide_cut

Action                   || total
-------------------------++-------
Melee: Club              ||    20
       Flail             ||     4
Evoke: Piece from Xom's  ||     4
       Wand              ||     2
 Stab: Petrified         ||     4
       Petrifying        ||     1
Armor: Leather armour    ||     7
Dodge: Dodged            ||    22

Table legend: (Time is in decaauts)
 A = Elapsed time spent in this place.
 B = Non-inter-level travel time spent in this place.
 C = Inter-level travel time spent in this place.
 D = Time resting spent in this place.
 E = Time spent auto-exploring this place.
 F = Levels seen in this place.
 G = Mean time per level.
                   A        B        C        D        E       F      G
               +--------+--------+--------+--------+--------+-----+--------+
         Total |    285 |    285 |      0 |      0 |    202 |   1 |  285.0 |
       Dungeon |    285 |    285 |      0 |      0 |    202 |   1 |  285.0 |
               +--------+--------+--------+--------+--------+-----+--------+

Top non-repeatable levels by time:
     D:1: 285 daAuts
